 Dungeon Crawl Stone Soup version 0.26.1-2-gb8aa6d0cf2 (webtiles) character file.

Game seed: 5967537453340739742

36 Descartes the Digger (level 3, 0/19 HPs)
             Began as a Deep Elf Wanderer on Mar 30, 2021.
             Succumbed to a goblin's poison
             ... on level 2 of the Dungeon.
             The game lasted 00:03:10 (2064 turns).

Descartes the Digger (Deep Elf Wanderer)            Turns: 2064, Time: 00:03:10

Health: 0/19       AC:  2    Str:  9    XL:     3   Next: 19%
Magic:  7/9        EV: 11    Int: 18    God:
Gold:   36         SH:  0    Dex: 13    Spells: 7/8 levels left

rFire    . . .     SeeInvis .   b - +0 spear
rCold    . . .     Faith    .   (no shield)
rNeg     . . .     Spirit   +   e - +0 robe
rPois    .         Reflect  .   (no helmet)
rElec    .         Harm     .   (no cloak)
rCorr    .         Rampage  .   (no gloves)
Will     .....                  (no boots)
Stlth    ++........             f - amulet of guardian spirit
HPRegen  0.06/turn              (no ring)
MPRegen  0.11/turn              (no ring)

@: lethally poisoned (0 -> -20)
A: no striking features
a: no special abilities


You were on level 2 of the Dungeon.
You visited 1 branch of the dungeon, and saw 2 of its levels.

You collected 36 gold pieces.

Inventory:

Hand Weapons
 a - a +0 hand crossbow
 b - a +0 spear (weapon)
 i - a +0 dagger
Missiles
 c - 25 bolts
 g - 15 sling bullets
 h - 55 stones (quivered)
 j - 44 arrows
Armour
 e - a +0 robe (worn)
Jewellery
 f - an amulet of guardian spirit (around neck)
Scrolls
 d - 2 scrolls of enchant armour {unknown}
 k - 2 scrolls of magic mapping {unknown}
 l - a scroll of amnesia {unknown}
 n - a scroll of enchant weapon {unknown}
 o - 2 scrolls of identify {unknown}
Potions
 m - 2 potions of brilliance {unknown}
 p - a potion of attraction {unknown}


   Skills:
 - Level 1.7 Crossbows
 - Level 1.0 Armour
 - Level 1.2 Stealth
 - Level 3.0 Spellcasting
 - Level 2.6 Hexes
 + Level 3.5 Earth Magic
 - Level 1.1 Evocations


You had 7 spell levels left.
You knew the following spells:

 Your Spells              Type           Power        Failure   Level
a - Sandblast             Erth           30%          3%          1

Your spell library contained the following spells:

 Spells                   Type           Power        Failure   Level
 Corona                   Hex            13%          5%          1
 Ensorcelled Hibernation  Hex/Ice        14%          14%         2
 Confusing Touch          Hex            12%          16%         3
 Tukima's Dance           Hex            12%          16%         3
 Stone Arrow              Conj/Erth      18%          24%         3
 Dazzling Flash           Conj/Hex       14%          28%         3


Dungeon Overview and Level Annotations

Branches:
Dungeon (2/15)

Altars:


Message History

The goblin hits you with a +0 dagger.
You are too injured to fight recklessly!
Casting: Sandblast (safe; 3% risk of failure)
Confirm with . or Enter, or press ? or * to list all spells.
Aiming: Sandblast (safe; 3% risk of failure)
Press: ? - help, Shift-Dir - straight line, f/p - goblin
Aim: a goblin, wielding a +0 dagger (26% to evade)
The blast of sand hits the goblin!
You kill the goblin!
h - 55 stones You feel sick.
There is a lethal amount of poison in your body!
There is a lethal amount of poison in your body!
* * * LOW HITPOINT WARNING * * *
You feel sick.
* * * LOW HITPOINT WARNING * * *
You feel sick.
* * * LOW HITPOINT WARNING * * *
You feel sick.
You die...

..>.... ## ##.... .
#.... . ##..# .##
.....# #.. ###.# # #.#
#. .. #)# # ###
#@###### ########
#.(#... #.......
######(#.######.######
.......†.......#.######
####....#.#.####.......
#.####.#.......#####
... #.#######.##### ###
#.#......<.....
#>#.######.....


There were no monsters in sight!

Vanquished Creatures
  A gnoll (D:1)
  A giant cockroach (D:1)
  8 goblins
  3 hobgoblins
  A bat (D:1)
  2 frilled lizards
  3 kobolds (D:1)
  6 rats
25 creatures vanquished.

Vanquished Creatures (others)
  A plant (D:1)
1 creature vanquished.

Grand Total: 26 creatures vanquished

Notes
Turn   | Place    | Note
-------+----------+-------------------------------------------
     0 | D:1      | Descartes the Deep Elf Wanderer began the quest for the
                  | Orb.
     0 | D:1      | Descartes set off with the following items: a +0 hand
                  | crossbow, 25 bolts, a +0 robe; and the following spells
                  | available to memorise: Corona, Sandblast, Ensorcelled
                  | Hibernation, Confusing Touch, Tukima's Dance, Dazzling
                  | Flash, Stone Arrow
     0 | D:1      | Reached XP level 1. HP: 10/10 MP: 6/6
     2 | D:1      | Learned a level 1 spell: Sandblast
   555 | D:1      | Reached XP level 2. HP: 15/15 MP: 8/8
  1263 | D:1      | Reached XP level 3. HP: 10/19 MP: 4/9
  2064 | D:2      | Succumbed to a goblin's poison

Illustrated notes

Levels and vault maps discovered:
D:1:      dpeg_cavernosity, layout_basic, chequers_big_river,
          nrook_loot_triangle
D:2:      layout_basic, xom_teletrap_fun, chequers_serial_rivers_micro_d,
          grunt_dithmenos_smoke

Skill      XL: |  1  2 |
---------------+-------+-----
Earth Magic    | 2 3 |  3.5
Crossbows      | |  1.7
Armour         | |  1.0
Stealth        | |  1.2
Spellcasting   | |  3.0
Hexes          | |  2.6
Evocations     | |  1.1

Action                   || total
-------------------------++-------
Melee: Spear             ||    82
 Cast: Sandblast         ||    11
 Stab: Sleeping          ||     2
Armor: Robe              ||    14
Dodge: Dodged            ||    36
